AoeStats
← Snakett

Fortress

509562521Analyzed
2v2 RM · 4d ago on Sep 27, 2026· 37m 9s· 4 players
Game mode
Random Map
Map size
Normal (6 player)
Population
200
Speed
Normal
Resources
Standard
Victory
Conquest
Starting age
Dark Age
Ending age
Imperial Age
RankedLock teamsTeams togetherTeam positionsShared explorationLock speedFull tech treeHidden civsTurbo modeCheats
Victory
Defeat
🇵🇪 Mongols · Peru
1056
+11
🇵🇪 Cumans · Peru
1055
+11
🇨🇳 Jurchens · China
949
-22
🇨🇳 Huns · China
941
-11
秦皇大帝
0:36 Loom
9:06 Feudal Age
9:52 Double-Bit Axe
10:15 Horse Collar
15:28 Castle Age
14:23 Fletching
14:58 Stone Mining
21:43 Wheelbarrow
22:00 Bloodlines
24:24 Hand Cart
29:31 Imperial Age
27:28 Town Watch
29:11 Bow Saw
28:47 Treadmill Crane
29:37 Bodkin Arrow
29:53 Forging
31:09 Gold Mining
33:14 Hoardings
33:21 Heavy Plow
34:28 Fortified Bastions
34:50 Conscription
34:54 Ballistics
34:48 Elite Skirmisher
36:11 Masonry
37:14 Fortified Wall
3262964762
1:57 Loom
9:25 Feudal Age
14:05 Castle Age
12:02 Double-Bit Axe
12:01 Horse Collar
12:44 Stone Mining
14:47 Wheelbarrow
14:55 Town Watch
21:25 Squires
25:43 Forging
25:33 Scale Mail Armor
25:58 Gold Mining
26:30 Pikeman
26:56 Arson
27:58 Iron Casting
27:30 Scale Barding Armor
29:54 Chain Mail Armor
29:59 Chain Barding Armor
34:33 Imperial Age
34:14 Hand Cart
34:22 Hand Cart
37:07 Blast Furnace
36:27 Chain Barding Armor
36:28 Halberdier
Snakett
6:42 Feudal Age
7:39 Double-Bit Axe
8:20 Horse Collar
17:55 Castle Age
16:04 Gold Mining
16:38 Bloodlines
17:16 Stone Mining
19:30 Heavy Plow
19:45 Bow Saw
20:16 Gold Shaft Mining
20:41 Wheelbarrow
22:43 Imperial Age
20:18 Loom
20:51 Forging
20:59 Steppe Husbandry
20:41 Pikeman
21:53 Squires
22:31 Iron Casting
22:36 Hand Cart
22:15 Arson
23:05 Scale Barding Armor
23:01 Scale Mail Armor
29:55 Blast Furnace
29:17 Chain Barding Armor
32:00 Conscription
32:08 Cavalier
33:25 Plate Barding Armor
34:34 Fletching
34:06 Paladin
34:49 Padded Archer Armor
34:33 Halberdier
36:23 Two-Man Saw
36:07 Crop Rotation
37:49 Ballistics
ShalonPe
4:21 Loom
6:46 Feudal Age
7:19 Double-Bit Axe
7:21 Horse Collar
13:37 Castle Age
11:51 Gold Mining
15:02 Bow Saw
14:56 Heavy Plow
15:59 Nomads
21:33 Wheelbarrow
20:44 Town Watch
25:32 Imperial Age
25:06 Forging
25:02 Scale Barding Armor
26:51 Hand Cart
26:37 Town Patrol
26:03 Elite Steppe Lancer
27:10 Chain Barding Armor
27:26 Iron Casting
27:36 Gold Shaft Mining
27:51 Husbandry
28:04 Bloodlines
29:22 Conscription
28:52 Light Cavalry
31:02 Blast Furnace
35:25 Scale Mail Armor
36:29 Drill
36:54 Capped Ram
Connection lost

Rejoining the realm…

Still unreachable

The connection could not be restored.

Session expired

The server has moved on; the page needs a fresh start.